 Dungeon Crawl Stone Soup version 0.31.0-32-g396128a36d (webtiles) character file.

Game seed: 13661770868327131732

2221 0gre the Frost Mage (level 9, -3/66 HPs)
             Began as a Gnoll Ice Elementalist on Apr 5, 2024.
             Was a Follower of Vehumet.
             Engulfed by a steam dragon's steam (12 damage)
             ... on level 7 of the Dungeon.
             The game lasted 00:26:26 (6622 turns).

0gre the Frost Mage (Gnoll Ice Elementalist)        Turns: 6622, Time: 00:26:27

Health: -3/66      AC:  5    Str:  7    XL:     9   Next: 35%
Magic:  14/19      EV: 15    Int: 17    God:    Vehumet [*.....]
Gold:   421        SH:  0    Dex: 15    Spells: 11/21 levels left

rFire   . . .        a - +0 long sword
rCold   . . .        (no shield)
rNeg    + . .        e - +0 robe
rPois   .            (no helmet)
rElec   .            (no cloak)
rCorr   .            (no gloves)
SInv    .            f - +2 pair of boots
Will    .....        (no amulet)
Stlth   +++          m - ring of positive energy
HPRegen 0.31/turn    (no ring)
MPRegen 0.16/turn

%: no passive effects
@: freezing walls
A: fangs 1, strong nose, distributed training
a: Renounce Religion


You were on level 7 of the Dungeon.
You worshipped Vehumet.
Vehumet was aware of your devotion.
You visited 1 branch of the dungeon, and saw 7 of its levels.

You collected 421 gold pieces.

Inventory:

Hand Weapons
 a - a +0 long sword (weapon)
 b - a +0 arbalest
 c - a +0 trident
Missiles
 j - 6 boomerangs (quivered)
 p - 11 poisoned darts
 s - 6 javelins
 w - 2 throwing nets
Armour
 e - a +0 robe (worn)
 f - a +2 pair of boots (worn)
Jewellery
 m - a ring of positive energy (left hand)
Wands
 k - a wand of paralysis (18)
Scrolls
 h - a scroll of fog
 i - 2 scrolls of teleportation {unknown}
 l - 5 scrolls of immolation
 n - a scroll of brand weapon {unknown}
 q - a scroll of silence {unknown}
 r - a scroll of enchant weapon {unknown}
 t - a scroll of noise {unknown}
 v - 2 scrolls of vulnerability {unknown}
 y - a scroll of poison {unknown}
 z - a scroll of butterflies {unknown}
Potions
 d - a potion of magic
 g - a potion of lignification
 o - 3 potions of curing
 u - a potion of attraction
 x - a potion of mutation {unknown}


   Skills:
 + Level 4.3 Fighting
 + Level 4.3 Short Blades
 + Level 4.3 Long Blades
 + Level 4.3 Axes
 + Level 4.3 Maces & Flails
 + Level 4.3 Polearms
 + Level 4.3 Staves
 + Level 4.3 Ranged Weapons
 + Level 4.3 Throwing
 + Level 4.3 Armour
 + Level 6.3 Dodging
 + Level 6.1 Stealth
 + Level 4.3 Shields
 + Level 4.3 Unarmed Combat
 + Level 6.7 Spellcasting
 + Level 3.5 Conjurations
 + Level 3.5 Hexes
 + Level 3.5 Summonings
 + Level 3.5 Necromancy
 + Level 3.5 Translocations
 + Level 3.5 Fire Magic
 + Level 8.0 Ice Magic
 + Level 3.5 Air Magic
 + Level 3.5 Earth Magic
 + Level 3.5 Alchemy
 + Level 4.7 Invocations
 + Level 4.3 Evocations
 + Level 3.9 Shapeshifting


You had 11 spell levels left.
You knew the following spells:

 Your Spells              Type           Power      Damage    Failure   Level
a - Freeze                Ice            100%       1d10      1%          1
b - Frozen Ramparts       Ice            66%        1d10      1%          3
c - Summon Ice Beast      Ice/Summ       25%        N/A       3%          3
d - Mephitic Cloud        Conj/Alch/Air  17%        N/A       9%          3

Your spell library contained the following spells:

 Spells                   Type           Power      Damage    Failure   Level
 Foxfire                  Conj/Fire      68%        2x1d7     2%          1
 Ozocubu's Armour         Ice            33%        N/A       1%          3
 Sting                    Conj/Alch      68%        1d7       2%          1
 Mercury Vapours          Alch/Air       34%        N/A       4%          2
 Tukima's Dance           Hex            17%        N/A       9%          3
 Volatile Blastmotes      Fire/Tloc      34%        2d12      9%          3
 Fulminant Prism          Conj/Alch      8%         3d6       28%         4
 Iskenderun's Mystic Bla  Conj/Tloc      17%        2d5       28%         4
 Olgreb's Toxic Radiance  Alch           17%        N/A       28%         4
 Passage of Golubria      Tloc           17%        N/A       28%         4
 Freezing Cloud           Conj/Ice/Air   11%        6-21      38%         5
 Yara's Violent Unravell  Hex/Alch       8%         3d5       61%         5


Dungeon Overview and Level Annotations

Branches:
Dungeon (7/15)             Temple (0/1) D:5

Altars:
Ashenzari
Fedhas
Makhleb
Qazlal
Ru
Vehumet


Innate Abilities, Weirdness & Mutations

You have very sharp teeth.
Your uncanny sense of smell can sniff out nearby items.
Your experience applies equally to all skills.


Message History

Your ice beast closely misses the steam dragon.
The steam dragon breathes steam at you. The ball of steam hits you.
You barely miss the steam dragon.
The steam dragon is lightly wounded.
You are engulfed in a cloud of scalding steam.
Your ice beast hits the steam dragon.
Your ice beast freezes the steam dragon!
The steam dragon closely misses you.
The steam dragon claws you but does no damage.
Casting: Summon Ice Beast (dangerous; 3% risk of failure)
Confirm with . or Enter, or press ? or * to list all spells.
Casting: Frozen Ramparts (safe; 1% risk of failure)
Press: ? - help, Dir - look around, f - activate The walls around you are covered in ice.
Your ice beast closely misses the steam dragon.
The wall freezes the steam dragon.
The steam dragon bites you. The steam dragon barely misses you.
You barely miss the steam dragon.
The steam dragon is severely wounded.
Your ice beast misses the steam dragon.
The wall freezes the steam dragon but does no damage.
The steam dragon misses you. x2
You barely miss the steam dragon.
The steam dragon is severely wounded.
Your ice beast closely misses the steam dragon.
The wall freezes the steam dragon but does no damage.
The steam dragon breathes steam at you. The ball of steam hits you!!
* * * LOW HITPOINT WARNING * * *
You closely miss the steam dragon.
The steam dragon is severely wounded.
You are engulfed in a cloud of scalding steam.
Your ice beast closely misses the steam dragon.
The wall freezes the steam dragon!
The steam dragon closely misses you. The steam dragon misses you.
You barely miss the steam dragon. Your bite misses the steam dragon.
The steam dragon is almost dead.
You are engulfed in a cloud of scalding steam.
You die...

### ##.#######
##.#.##...
########.###.#.###
#.......## ##....#
#.####.#.###.#ยง#.# #
#.......#.##.#@##.###
#.#.##.###.#
#.DY....... #.#.##.#
### ##########.
#......# ###.#### #.#
#.### #...# ###.#


You could see a steam dragon (catching breath, ally target) and a friendly ice
beast (summoned).

Vanquished Creatures
  Pikel (D:5)
  Menkaure (D:4)
  A water moccasin (D:7)
  A black bear (D:6)
  An orc warrior (D:6)
  A sky beast (D:7)
  A centaur (D:6)
  2 ogres
  A lemure (D:5)
  A howler monkey (D:4)
  2 hounds
  2 gnoll boudas
  2 orc priests (D:5)
  2 jellies (D:6)
  Ijyb (D:5)
  5 iguanas
  7 orc wizards
  Natasha (twice) (D:3)
  3 adders
  13 gnolls
  5 dart slugs
  2 ribbon worms
  18 orcs
  5 endoplasms
  3 giant cockroaches
  7 goblins
  9 hobgoblins
  9 jackals
  7 kobolds
  3 quokkas
  11 ball pythons
  7 bats
  4 frilled lizards (D:1)
  5 rats
145 creatures vanquished.

Vanquished Creatures (collateral kills)
  A bombardier beetle (D:5)
  A hound (D:4)
  4 orcs (D:5)
6 creatures vanquished.

Grand Total: 151 creatures vanquished

Notes
Turn   | Place    | Note
-------+----------+-------------------------------------------
     0 | D:1      | 0gre the Gnoll Ice Elementalist began the quest for the
                  | Orb.
     0 | D:1      | Reached XP level 1. HP: 13/13 MP: 6/6
   312 | D:1      | Reached XP level 2. HP: 14/19 MP: 5/7
   624 | D:1      | Found a faded altar of an unknown god.
   803 | D:1      | Reached skill level 5 in Spellcasting
   803 | D:1      | Reached XP level 3. HP: 21/25 MP: 7/9
   833 | D:1      | Learned a level 3 spell: Frozen Ramparts
   931 | D:2      | Reached skill level 1 in Invocations
   992 | D:2      | Reached skill level 1 in Fighting
   992 | D:2      | Reached skill level 1 in Short Blades
   992 | D:2      | Reached skill level 1 in Long Blades
   992 | D:2      | Reached skill level 1 in Axes
   992 | D:2      | Reached skill level 1 in Maces & Flails
   992 | D:2      | Reached skill level 1 in Polearms
   992 | D:2      | Reached skill level 1 in Staves
   992 | D:2      | Reached skill level 1 in Ranged Weapons
   992 | D:2      | Reached skill level 1 in Throwing
   992 | D:2      | Reached skill level 1 in Armour
   992 | D:2      | Reached skill level 1 in Shields
   992 | D:2      | Reached skill level 1 in Unarmed Combat
   992 | D:2      | Reached skill level 1 in Evocations
  1115 | D:2      | Reached skill level 1 in Shapeshifting
  1115 | D:2      | Reached XP level 4. HP: 32/32 MP: 7/11
  1389 | D:2      | Reached skill level 1 in Conjurations
  1389 | D:2      | Reached skill level 1 in Hexes
  1389 | D:2      | Reached skill level 1 in Summonings
  1389 | D:2      | Reached skill level 1 in Necromancy
  1389 | D:2      | Reached skill level 1 in Translocations
  1389 | D:2      | Reached skill level 1 in Fire Magic
  1389 | D:2      | Reached skill level 1 in Air Magic
  1389 | D:2      | Reached skill level 1 in Earth Magic
  1389 | D:2      | Reached skill level 1 in Alchemy
  1833 | D:3      | Reached XP level 5. HP: 34/37 MP: 8/12
  2115 | D:3      | Found a broken altar of Ashenzari.
  2198 | D:3      | Noticed Natasha
  2212 | D:3      | Killed Natasha
  2405 | D:3      | Noticed Natasha
  2415 | D:3      | Killed Natasha
  2527 | D:3      | Found a stormy altar of Qazlal.
  2676 | D:3      | Reached XP level 6. HP: 44/44 MP: 13/13
  2811 | D:4      | Learned a level 3 spell: Summon Ice Beast
  2913 | D:4      | Reached skill level 5 in Dodging
  2979 | D:4      | Noticed Menkaure
  2987 | D:4      | Killed Menkaure
  3190 | D:4      | Reached XP level 7. HP: 51/51 MP: 11/15
  3358 | D:4      | Identified the +0 chain mail of Tortelloni {Str+3}
  3842 | D:4      | Reached skill level 5 in Stealth
  3888 | D:4      | Found a sacrificial altar of Ru.
  4059 | D:5      | Entered Level 5 of the Dungeon
  4383 | D:5      | Noticed Pikel
  4384 | D:5      | Paralysed by Pikel for 5 turns
  4402 | D:5      | Killed Pikel
  4403 | D:5      | Reached XP level 8. HP: 34/58 MP: 10/17
  4662 | D:5      | Found a radiant altar of Vehumet.
  4670 | D:5      | Became a worshipper of Vehumet
  4725 | D:5      | Noticed Ijyb
  4733 | D:5      | Killed Ijyb
  4747 | D:5      | Learned a level 3 spell: Mephitic Cloud
  5022 | D:5      | Found a staircase to the Ecumenical Temple.
  5393 | D:5      | Found a burning altar of Makhleb.
  5904 | D:6      | Reached XP level 9. HP: 63/65 MP: 9/18
  6224 | D:6      | Reached skill level 8 in Ice Magic
  6458 | D:7      | Found a blossoming altar of Fedhas.
  6460 | D:7      | Reached * piety under Vehumet
  6460 | D:7      | Offered knowledge of Foxfire by Vehumet.
  6622 | D:7      | Engulfed by a steam dragon's steam

Illustrated notes

Levels and vault maps discovered:
D:1:      minmay_arrival_widening_spiral_narrow, layout_rooms,
          shapermc_ecumenical_altar_totnotflames
D:2:      layout_loops_ring, st_stairs_12
D:3:      layout_basic, nicolae_ashenzari_panopticon, grunt_qazlal_clouds,
          glass_columns_a, dk_noncrumbling_4, minmay_misc_feat_hallway,
          uniq_natasha
D:4:      layout_basic, nicolae_ru_path_of_blood, roderic_nine_men_s_morris,
          minmay_misc_feat_rows, kennysheep_diamond, hangedman_decor_riveting,
          minmay_liquid_box, uniq_menkaure
D:5:      layout_layer_cave, vehumet_crystals, kennysheep_mini_moat,
          minmay_temple_entry_stoned_glass, uniq_ijyb, uniq_pikel
D:6:      layout_basic
D:7:      layout_loops_cross, nicolae_gozag_seed_capital, kennysheep_little_box,
          mainiacjoe_overflow_catwalk, feat_on_display

Skill      XL: |  1  2  3  4  5  6  7  8  9 |
---------------+----------------------------+-----
Spellcasting   | 5 6 |  6.7
Invocations    | 1 2 3 4 |  4.7
Fighting       | 1 2 3 4 |  4.3
Short Blades   | 1 2 3 4 |  4.3
Long Blades    | 1 2 3 4 |  4.3
Axes           | 1 2 3 4 |  4.3
Maces & Flails | 1 2 3 4 |  4.3
Polearms       | 1 2 3 4 |  4.3
Staves         | 1 2 3 4 |  4.3
Ranged Weapons | 1 2 3 4 |  4.3
Throwing       | 1 2 3 4 |  4.3
Armour         | 1 2 3 4 |  4.3
Shields        | 1 2 3 4 |  4.3
Unarmed Combat | 1 2 3 4 |  4.3
Evocations     | 1 2 3 4 |  4.3
Shapeshifting  | 1 2 3 |  3.9
Conjurations   | 1 2 3 |  3.5
Hexes          | 1 2 3 |  3.5
Summonings     | 1 2 3 |  3.5
Necromancy     | 1 2 3 |  3.5
Translocations | 1 2 3 |  3.5
Fire Magic     | 1 2 3 |  3.5
Air Magic      | 1 2 3 |  3.5
Earth Magic    | 1 2 3 |  3.5
Alchemy        | 1 2 3 |  3.5
Dodging        | 5 6 |  6.3
Stealth        | 5 6 |  6.1
Ice Magic      | 8 |  8.0

Action                     |  1- 3 |  4- 6 |  7- 9 || total
---------------------------+-------+-------+-------++-------
  Melee: Spear             |     9 |       |       ||     9
         Short sword       |    84 |    13 |       ||    97
         Bite              |     8 |     7 |    13 ||    28
         Punch             |     2 |       |     1 ||     3
         Quarterstaff      |       |    95 |    34 ||   129
         Long sword        |       |       |    89 ||    89
   Fire: Sling             |       |       |     7 ||     7
         Arbalest          |       |       |    37 ||    37
  Throw: Dart              |       |       |    12 ||    12
   Cast: Freeze            |     9 |     2 |       ||    11
         Frozen Ramparts   |     4 |    10 |    24 ||    38
         Summon Ice Beast  |       |       |     5 ||     5
         Mephitic Cloud    |       |       |     1 ||     1
    Use: Scroll            |       |       |     7 ||     7
   Stab: Sleeping          |     4 |     6 |     3 ||    13
 Armour: Robe              |    49 |    58 |    99 ||   206
  Dodge: Dodged            |    56 |    94 |   121 ||   271
